Map: Orbital Shipyard

Players

SolaCe (Nina) - Winner!

  • Race: Protoss Protoss
  • League: Master

NightEnD

  • Race: Protoss Protoss
  • League: Master

Event: ASL Season 5 Prime League LOTV Beta

VOD

Have the link to the VOD?

Description

Time

  • Played on: Oct. 1, 2015, 10:50 p.m.
  • Length: 13:59

All games in this series

Show
View Real Time Build Order
Export as new Build Order

SolaCe Protoss - Winner!

Build Orders: 1 Gate Expand 

Get SALT Encoding   

  12  0:00  Probe (Chrono Boost)  
  13  0:10  Probe (Chrono Boost)  
  14  0:18  Pylon  
  14  0:20  Probe (Chrono Boost)  
  15  0:36  Probe (Chrono Boost)  
  15  0:37  Gateway  
  16  0:46  Probe (Chrono Boost), Assimilator  
  17  0:53  Assimilator  
  17  0:55  Probe (Chrono Boost)  
  18  1:05  Probe (Chrono Boost)  
  19  1:15  Probe (Chrono Boost)  
  20  1:30  Nexus  
  20  1:33  Probe (Chrono Boost)  
  21  1:46  Cybernetics Core  
  21  1:47  Probe (Chrono Boost)  
  22  1:57  Probe (Chrono Boost), Pylon  
  23  2:15  Probe (Chrono Boost)  
  24  2:25  Mothership Core (Chrono Boost), Robotics Facility  
  24  2:27  Warp Gate  
  26  2:42  Probe (Chrono Boost), Adept  
  29  2:44  Probe (Chrono Boost)  
  30  2:52  Probe (Chrono Boost)  
  30  2:54  Probe (Chrono Boost)  
  32  3:02  Probe (Chrono Boost)  
  32  3:04  Probe (Chrono Boost)  
  34  3:11  Gateway  
  34  3:12  Probe (Chrono Boost)  
  35  3:15  Warp Prism  
  35  3:18  Probe (Chrono Boost)  
  38  3:22  Probe (Chrono Boost)  
  39  3:28  Probe (Chrono Boost)  
  39  3:32  Probe (Chrono Boost)  
  41  3:37  Probe (Chrono Boost)  
  42  3:42  Probe (Chrono Boost)  
  42  3:47  Probe (Chrono Boost)  
  44  3:52  Probe (Chrono Boost), Nexus  
  45  3:57  Probe (Chrono Boost)  
  45  4:01  Pylon  
  46  4:03  Probe (Chrono Boost)  
  46  4:07  Probe (Chrono Boost)  
  46  4:13  Pylon  
  46  4:16  Assimilator  
  46  4:19  Probe (Chrono Boost), Observer  
  46  4:21  Assimilator  
  46  4:22  Probe (Chrono Boost)  
  49  4:25  Gateway  
  49  4:29  Probe (Chrono Boost), Twilight Council  
  49  4:30  Adept x2  
  54  4:35  Gateway  
  54  4:36  Probe (Chrono Boost)  
  55  4:40  Probe (Chrono Boost)  
  55  4:42  Gateway  
  56  4:49  Probe (Chrono Boost)  
  57  4:52  Pylon  
  57  4:55  Probe (Chrono Boost)  
  57  4:56  Observer, Pylon  
  59  5:05  Probe (Chrono Boost)  
  59  5:06  Probe (Chrono Boost)  
  61  5:08  Probe (Chrono Boost)  
  62  5:15  Probe (Chrono Boost)  
  62  5:16  Probe (Chrono Boost)  
  62  5:17  Blink  
  62  5:18  Probe (Chrono Boost)  
  65  5:25  Probe (Chrono Boost)  
  65  5:26  Probe (Chrono Boost)  
  67  5:30  Stalker x3  
  67  5:32  Probe (Chrono Boost)  
  67  5:34  Stalker  
  76  5:35  Probe (Chrono Boost)  
  76  5:36  Probe (Chrono Boost)  
  76  5:42  Probe (Chrono Boost)  
  78  5:45  Probe (Chrono Boost)  
  78  5:46  Probe (Chrono Boost), Stargate  
  78  5:48  Stargate  
  81  5:50  Stargate  
  81  5:55  Probe (Chrono Boost)  
  81  5:56  Probe (Chrono Boost)  
  84  5:57  Assimilator x2  
  84  6:01  Pylon  
  81  6:11  Probe (Chrono Boost)  
  81  6:15  Stalker x4  
  81  6:17  Protoss Air Weapons Level 1  
  86  6:23  Pylon  
  86  6:26  Forge, Pylon  
  86  6:29  Pylon  
  86  6:35  Phoenix x3 (Chrono Boost)  
  92  6:45  Gateway  
  92  6:47  Gateway  
  92  6:48  Probe  
  92  6:49  Probe  
  94  6:57  Nexus  
  94  6:58  Phoenix (Chrono Boost)  
  94  6:59  Forge, Phoenix (Chrono Boost)  
  94  7:00  Probe  
  99  7:01  Phoenix (Chrono Boost)  
  99  7:06  Protoss Ground Weapons Level 1  
  101  7:09  Photon Cannon  
  101  7:11  Photon Cannon  
  101  7:19  Phoenix (Chrono Boost)  
  103  7:24  Phoenix (Chrono Boost)  
  103  7:25  Phoenix (Chrono Boost)  
  107  7:30  Pylon  
  107  7:31  Pylon  
  107  7:36  Stalker x2  
  111  7:37  Stalker  
  111  7:39  Phoenix (Chrono Boost)  
  111  7:43  Stalker  
  117  7:49  Stalker x2  
  121  7:52  Stalker  
  123  8:03  Stalker x3  
  126  8:06  Sentry  
  126  8:10  Pylon  
  126  8:11  Pylon  
  126  8:12  Pylon  
  128  8:13  Pylon  
  128  8:16  Pylon  
  128  8:24  Pylon  
  128  8:25  Pylon  
  128  8:29  Sentry x3  
  132  8:35  Cybernetics Core  
  132  8:41  Sentry x2  
  132  8:49  Adept  
  132  8:54  Adept x3  
  132  8:55  Gateway  
  140  8:56  Gateway  
  140  9:05  Gateway  
  140  9:06  Nexus, Pylon  
  140  9:07  Adept x2  
  140  9:09  Pylon  
  144  9:10  Pylon  
  144  9:12  Adept  
  146  9:18  Adept x2  
  146  9:19  Adept  
  146  9:21  Probe (Chrono Boost)  
  153  9:28  Shield Upgrade  
  153  9:31  Probe (Chrono Boost)  
  153  9:32  Adept x3  
  148  9:40  Adept x3  
  126  9:55  Adept x3  
  126  9:59  Adept x2  
  136  10:00  Adept x2  
  140  10:08  Pylon  
  140  10:09  Pylon  
  140  10:16  Adept x3, Photon Cannon  
  146  10:27  Adept x2  
  150  10:30  Adept x2  
  153  10:37  Adept  
  153  10:38  Adept x2  
  157  10:47  Adept  
  157  10:48  Adept  
  157  10:49  Immortal  
  165  10:53  Adept x2  
  169  10:58  Adept x2  
  169  10:59  Adept  
  169  11:02  Protoss Ground Weapons Level 2  
  173  11:21  Stalker x2  
  173  11:22  Stalker x5  
  171  11:30  Stalker  
  163  11:48  Stalker x3  
  163  11:49  Stalker x2  
  163  11:52  Nexus  
  173  12:02  Nexus, Robotics Bay  
  173  12:08  Robotics Facility  
  171  12:22  Pylon  
  171  12:33  Adept  
  171  12:35  Pylon  
  173  12:37  Pylon  
  173  12:39  Pylon  
  173  12:41  Adept x4  
  179  12:54  Pylon  
  179  12:55  Disruptor (Chrono Boost), Pylon  
  179  12:57  Disruptor (Chrono Boost)  
  185  12:59  Adept x3  
  191  13:06  Pylon  
  191  13:16  Assimilator x2  
  191  13:22  Adept x4  
  191  13:25  Disruptor (Chrono Boost)  
  192  13:32  Observer (Chrono Boost)  
  172  13:37  Adept x2  
  172  13:38  Adept x2  
Show
View Real Time Build Order
Export as new Build Order

NightEnD Protoss 

Build Orders: 1 Gate Expand 

Get SALT Encoding   

  12  0:00  Probe (Chrono Boost)  
  13  0:10  Probe (Chrono Boost)  
  14  0:18  Pylon  
  14  0:21  Probe (Chrono Boost)  
  15  0:36  Probe (Chrono Boost)  
  15  0:37  Gateway  
  16  0:46  Probe (Chrono Boost)  
  16  0:47  Assimilator  
  17  0:55  Probe (Chrono Boost), Assimilator  
  18  1:05  Probe (Chrono Boost)  
  19  1:15  Probe (Chrono Boost)  
  20  1:28  Nexus  
  21  1:38  Cybernetics Core  
  21  1:39  Probe (Chrono Boost)  
  21  1:48  Pylon  
  21  1:52  Probe (Chrono Boost)  
  22  2:02  Probe (Chrono Boost)  
  23  2:14  Mothership Core (Chrono Boost), Stalker (Chrono Boost)  
  27  2:15  Warp Gate  
  27  2:21  Pylon  
  27  2:31  Probe (Chrono Boost)  
  28  2:40  Probe  
  28  2:41  Robotics Facility  
  28  2:42  Probe  
  30  2:49  Stalker (Chrono Boost)  
  32  2:51  Probe  
  32  2:56  Probe  
  34  3:01  Probe  
  35  3:08  Probe  
  35  3:11  Probe  
  35  3:12  Stalker (Chrono Boost)  
  39  3:21  Probe  
  39  3:22  Probe  
  41  3:27  Observer (Chrono Boost)  
  41  3:33  Probe  
  41  3:34  Stalker, Probe  
  44  3:36  Pylon  
  46  3:45  Probe  
  46  3:46  Probe, Immortal (Chrono Boost)  
  52  3:53  Pylon  
  52  3:57  Probe (Chrono Boost)  
  52  3:58  Probe (Chrono Boost)  
  54  4:07  Probe (Chrono Boost)  
  55  4:10  Probe (Chrono Boost)  
  55  4:14  Twilight Council  
  55  4:16  Forge  
  55  4:17  Probe  
  56  4:19  Immortal (Chrono Boost)  
  56  4:22  Assimilator  
  56  4:24  Probe  
  62  4:26  Probe  
  62  4:28  Assimilator  
  63  4:36  Probe x2  
  64  4:47  Probe, Adept  
  64  4:48  Probe  
  64  4:52  Stargate  
  67  4:57  Probe, Observer (Chrono Boost)  
  67  4:58  Protoss Ground Weapons Level 1 (Chrono Boost)  
  69  5:00  Probe  
  70  5:08  Gateway  
  70  5:11  Gateway  
  70  5:14  Pylon  
  70  5:20  Pylon  
  70  5:32  Probe x2  
  70  5:33  Nexus  
  72  5:36  Pylon  
  72  5:38  Phoenix (Chrono Boost)  
  72  5:40  Shield Upgrade  
  73  5:44  Probe  
  73  5:45  Probe  
  73  5:46  Adept  
  77  5:55  Gateway x2  
  77  5:56  Probe  
  79  5:57  Probe  
  79  5:58  Gateway  
  79  6:03  Immortal  
  83  6:08  Probe  
  82  6:11  Adept  
  82  6:12  Probe  
  84  6:21  Probe  
  84  6:22  Adept x2  
  84  6:24  Probe  
  90  6:32  Gateway x2  
  90  6:33  Probe  
  90  6:37  Blink  
  91  6:47  Warp Prism (Chrono Boost)  
  91  6:48  Adept x3  
  99  7:06  Stalker x3  
  105  7:10  Stalker x2  
  105  7:12  Protoss Ground Weapons Level 2  
  109  7:23  Pylon  
  109  7:25  Pylon  
  109  7:27  Pylon  
  107  7:30  Probe  
  108  7:44  Adept x5  
  112  7:45  Adept  
  112  7:46  Stalker x2  
  124  7:59  Warp Prism (Chrono Boost)  
  124  8:07  Stalker x3  
  124  8:08  Stalker  
  132  8:13  Pylon x2  
  132  8:14  Photon Cannon  
  132  8:17  Pylon  
  132  8:18  Photon Cannon  
  132  8:19  Photon Cannon  
  132  8:21  Photon Cannon  
  113  8:42  Stalker x2  
  113  8:43  Stalker x6  
  125  9:09  Stalker x5  
  132  9:21  Adept  
  132  9:22  Adept x2  
  138  9:37  Adept x4  
  138  9:38  Adept  
  108  9:54  Protoss Ground Weapons Level 3  
  108  9:57  Adept x5  
  108  9:58  Adept x2  
  122  10:35  Stalker x5  
  128  10:36  Stalker  
  128  10:37  Stalker  
  128  10:38  Stalker  
  136  11:00  Stalker x6  
  136  11:01  Stalker  
  150  11:10  Adept  
  104  11:40  Adept x2  
  104  11:41  Adept x6  
  104  12:02  Adept x7  
  104  12:03  Adept  
  120  12:15  Warp Prism (Chrono Boost)  
  122  12:23  Adept x4  
  122  12:24  Adept x4  
  134  12:52  Adept x2  
  134  12:53  Adept x6  
  150  13:24  Adept x3  
  128  13:35  Adept x5  
Tags
 
Add a new tag
Caveats
  • Supply blocks, unpowered buildings, or Contaminate may cause inaccurate times.
  • Supply counts are checked every 10 seconds.